 Dungeon Crawl Stone Soup version 0.29.1-15-g9cfb28693d (webtiles) character file.

Game seed: 12038908145997455297

323 112233 the Poker (level 6, 0/44 HPs)
             Began as an Octopode Gladiator on Feb 25, 2023.
             Was a Follower of Ashenzari.
             Succumbed to Ijyb's poison
             ... on level 3 of the Dungeon.
             The game lasted 00:02:22 (2310 turns).

112233 the Poker (Octopode Gladiator)               Turns: 2310, Time: 00:02:23

Health: 0/44       AC:  1    Str: 13    XL:     6   Next: 47%
Magic:  6/6        EV: 14    Int: 13    God:    Ashenzari [*.....]
Gold:   124        SH:  0    Dex: 13    Spells: 5/5 levels left

rFire   . . .      SeeInvis .   a - +0 trident "Clairvoyant Disgust" {Comp, Self} (curse)
rCold   . . .      Faith    .   (no shield)
rNeg    . . .      Spirit   .   b - +0 hat "Shackled With Me" {Elem, Evo} (curse)
rPois   .          Reflect  .   (no amulet)
rElec   .          Harm     .   (no ring)
rCorr   .          Rampage  .   (no ring)
Will    .....                   (no ring)
Stlth   ++........              (no ring)
HPRegen 0.14/turn               (no ring)
MPRegen 0.10/turn               (no ring)
                                (no ring)
                                (no ring)

@: lethally poisoned (0 -> -3)
A: almost no armour, amphibious, 8 rings, camouflage 1, gelatinous body 1,
(nimble swimmer 1), tentacles
a: Renounce Religion, Shatter the Chains


You were on level 3 of the Dungeon.
You worshipped Ashenzari.
Ashenzari was aware of your devotion.
You visited 1 branch of the dungeon, and saw 3 of its levels.

You collected 124 gold pieces.

Inventory:

Hand Weapons
 a - the cursed +0 trident "Clairvoyant Disgust" (weapon) {Comp, Self}

   It has a curse which improves the following skills: Companions: Summonings
   and Necromancy.
   Introspection: Fighting and Spellcasting.
Missiles
 c - 3 throwing nets (quivered)
 d - a javelin
 j - 4 curare-tipped darts
Armour
 b - the cursed +0 hat "Shackled With Me" (worn) {Elem, Evo}

   It has a curse which improves the following skills: Elements: Fire Magic, Ice
   Magic, Air Magic and Earth Magic.
   Evocations: Evocations.
Jewellery
 h - a ring of wizardry
Scrolls
 e - 2 scrolls of poison
 f - a scroll of magic mapping
 i - a scroll of noise


   Skills:
 + Level 3.7(4.5) Fighting
 + Level 4.4 Polearms
 - Level 3.4 Throwing
 + Level 4.4 Dodging


You had 5 spell levels left.
You didn't know any spells.
Your spell library contained the following spells:

 Spells                   Type           Power      Damage    Failure   Level
 Sublimation of Blood     Necr           0%         N/A       41%         2
 Petrify                  Tmut/Erth      0%         N/A       97%         4
 Irradiate                Conj/Tmut      0%         3d11      100%        5


Dungeon Overview and Level Annotations

Branches:
Dungeon (3/15)

Altars:
Ashenzari
The Shining One


Innate Abilities, Weirdness & Mutations

You cannot wear most types of armour.
You are amphibious.
You can wear up to eight rings at the same time.
Your skin changes colour to match your surroundings (Stealth+).
Your rubbery body absorbs attacks. (AC +1, EV +1)
((You are camouflaged when in or above water. (Stealth+)))
You have tentacles for arms and can constrict up to eight enemies at once.


Message History

The now-empty wand crumbles to dust.
Unknown command.
You aren't carrying any potions.
Unknown command.
Okay, then.
You hit Ijyb.
Ijyb is heavily wounded.
You constrict Ijyb.
You feel sick. Ijyb misses you.
Unknown command.
You hit Ijyb.
Ijyb is heavily wounded.
You constrict Ijyb.
You feel sick.
Ijyb hits you with a +2 dagger of venom.
You are lethally poisoned!
You hit Ijyb.
Ijyb is severely wounded.
You constrict Ijyb.
* * * LOW HITPOINT WARNING * * *
You feel very sick. Ijyb barely misses you.
Unknown command.
You hit Ijyb. You squeeze Ijyb.
You kill Ijyb!
* * * LOW HITPOINT WARNING * * *
You feel very sick.
Unknown command.
There is a lethal amount of poison in your body!
There is a lethal amount of poison in your body!
* * * LOW HITPOINT WARNING * * *
You feel sick.
Unknown command.
* * * LOW HITPOINT WARNING * * *
You feel sick.
Okay, then.
* * * LOW HITPOINT WARNING * * *
You feel sick.
* * * LOW HITPOINT WARNING * * *
You feel sick.
Unknown command.
You die...

... .... #.## #..#
#...##..# #.
#.....# # #.
#.....# # .#
##.###.#.).##.#..#
#..... #.........#
#....###.#.##.####
#........#@$..#
#......###.#....#
#..........#..#.#
#.....##.###..# #
###.####......#
####.#####.##.## #
##......# .##.##.
#.....[.# ......
.......##.######.#


There were no monsters in sight!

Vanquished Creatures
  Sigmund (D:2)
  A jelly (D:3)
  Ijyb (D:3)
  6 gnolls
  2 dart slugs
  2 orcs (D:3)
  4 ball pythons
  3 endoplasms
  4 giant cockroaches
  9 goblins
  5 hobgoblins
  2 quokkas
  2 bats
  2 frilled lizards (D:1)
  4 kobolds
  3 rats
51 creatures vanquished.

Notes
Turn   | Place    | Note
-------+----------+-------------------------------------------
     0 | D:1      | 112233 the Octopode Gladiator began the quest for the Orb.
     0 | D:1      | Reached XP level 1. HP: 14/14 MP: 1/1
     1 | D:1      | Found a glowing golden altar of the Shining One.
   210 | D:1      | Found a faded altar of an unknown god.
   218 | D:1      | Reached XP level 2. HP: 19/19 MP: 2/2
   225 | D:1      | Prayed at the altar of an unknown god.
   225 | D:1      | Became a worshipper of Ashenzari the Shackled
   765 | D:2      | Reached XP level 3. HP: 25/25 MP: 3/3
   766 | D:2      | Noticed Sigmund
   786 | D:2      | Killed Sigmund
   787 | D:2      | Reached XP level 4. HP: 5/31 MP: 4/4
   787 | D:2      | Reached XP level 5. HP: 6/36 MP: 5/5
  1360 | D:2      | Reached * piety under Ashenzari
  1433 | D:2      | Reached XP level 6. HP: 9/43 MP: 6/6
  2249 | D:3      | Noticed Ijyb
  2305 | D:3      | Killed Ijyb
  2309 | D:3      | HP: 1/44 [poisoned by Ijyb]
  2310 | D:3      | Succumbed to Ijyb's poison

Illustrated notes

Levels and vault maps discovered:
D:1:      sevenhm_arrival_forest_fort_small_6, layout_basic,
          basic_ecumenical_altar
D:2:      layout_loops_ring, uniq_sigmund
D:3:      layout_loops_cross, nicolae_overflow_hidden_temple,
          hangedman_abyss_or_decor_stabs, dreamdust_princess_corridor,
          hex_large, chequers_arboretum, uniq_ijyb

Skill      XL: |  1  2  3  4  5 |
---------------+----------------+-----
Fighting       | 3 |  3.7
Throwing       | 3 |  3.4
Dodging        | 4 |  4.4
Polearms       | 4 |  4.4

Action                   |  1- 3 |  4- 6 || total
-------------------------+-------+-------++-------
Melee: Trident           |    52 |    80 ||   132
       Constrict         |     9 |    12 ||    21
       Tentacles         |     7 |    10 ||    17
Invok: Curse Item        |     1 |     1 ||     2
  Use: Potion            |     1 |     2 ||     3
 Stab: Sleeping          |     5 |     5 ||    10
Armor: Skin              |     1 |     1 ||     2
Dodge: Dodged            |    26 |    42 ||    68
